 Dungeon Crawl Stone Soup version 0.25.1-1-g288607f (webtiles) character file.

Game seed: 11408560333246176473

332 HanlonsRazors the Bolt Thrower (level 6, -14/39 HPs)
             Began as a Kobold Hunter on Oct 2, 2020.
             Engulfed by Pikel's flame (18 damage)
             ... on level 5 of the Dungeon.
             The game lasted 00:10:58 (3669 turns).

HanlonsRazors the Bolt Thrower (Kobold Hunter)      Turns: 3669, Time: 00:10:59

Health: -14/39     AC:  6    Str: 10    XL:     6   Next: 82%
Magic:  6/6        EV: 13    Int: 12    God:
Gold:   162        SH:  0    Dex: 17    Spells: 5/5 levels left

rFire    . . .     SeeInvis .   s - +1 dagger (venom)
rCold    . . .     Gourm    .   (shield restricted)
rNeg     . . .     Faith    .   q - +0 ring mail
rPois    .         Spirit   .   (no helmet)
rElec    .         Reflect  .   h - +0 cloak
rCorr    .         Harm     .   (no gloves)
MR       .....                  (no boots)
Stlth    ++........             (no amulet)
HPRegen  0.13/turn              (no ring)
MPRegen  0.10/turn              (no ring)

@: lightly drained
A: small, carnivore
a: no special abilities


You were on level 5 of the Dungeon.
You were completely stuffed.

You visited 1 branch of the dungeon, and saw 5 of its levels.

You collected 162 gold pieces.

Inventory:

Hand Weapons
 a - a +1 hand crossbow
 b - a +0 short sword
 s - a +1 dagger of venom (weapon)
 u - a +4 long sword
Missiles
 d - 29 bolts
 o - 72 arrows
Armour
 c - a +0 leather armour
 h - a +0 cloak (worn)
 q - a +0 ring mail (worn)
Scrolls
 e - a scroll of magic mapping
 i - 4 scrolls of remove curse
 k - a scroll of enchant armour {unknown}
 l - 2 scrolls of identify
 x - a scroll of teleportation
Potions
 g - a potion of cancellation {unknown}
 j - a potion of brilliance {unknown}
 m - 2 potions of curing
 n - a potion of flight {unknown}
 p - a potion of haste {unknown}
 r - a potion of mutation {unknown}
 t - 2 potions of degeneration {unknown}
 v - a potion of invisibility {unknown}
Comestibles
 f - 6 rations
 w - 2 chunks of flesh


   Skills:
 + Level 4.4(4.0) Fighting
 + Level 6.1(5.7) Crossbows
 + Level 2.5(2.1) Armour
 - Level 2.9(2.5) Dodging
 - Level 3.3(3.0) Stealth


You had 5 spell levels left.
You didn't know any spells.
Your spell library was empty.

Dungeon Overview and Level Annotations

Branches:
Dungeon (5/15)
 Temple: D:4-7

Altars:
Cheibriados
Dithmenos
Hepliaklqana
Qazlal

Annotations:
D:3 Robin
D:5 Edmund, Pikel


Innate Abilities, Weirdness & Mutations

You are small and have problems with some larger weapons.
You are carnivorous and can eat meat at any time.


Message History

The slave is almost dead.
The slave misses you.
You hit the slave but do no damage.
The slave looks as sick as possible!
The slave is almost dead.
The slave hits you but does no damage.
You hit the slave.
You kill the slave!
That felt strangely unrewarding.
Pikel zaps a wand.
Pikel creates a blast of flame!
Unknown command.
Unknown command.
Unknown command.
You are engulfed in blazing flames.
* * * LOW HITPOINT WARNING * * *
Pikel zaps a wand.
Pikel creates a blast of flame!
You feel better.
You are engulfed in blazing flames.
* * * LOW HITPOINT WARNING * * *
Pikel completely misses you.
You barely miss Pikel.
You are engulfed in blazing flames.
You die...

###.#######
...pppK@§§#
.##.#####§#
#.# ##.######
#.......#
+.......#
#.÷.....#
#.......#
#.....#######


You could see Pikel and 3 slaves.

Vanquished Creatures
  Duvessa (D:4)
  A slave (D:5)
  Dowan (D:4)
  A scorpion (D:4)
  A crimson imp (D:5)
  2 adders (D:2)
  An ooze (D:3)
  A worm (D:3)
  A dart slug (D:2)
  A leopard gecko (D:3)
  3 orcs
  2 ball pythons (D:1)
  A giant cockroach (D:3)
  11 goblins
  4 hobgoblins
  9 jackals
  3 kobolds
  2 quokkas
  4 bats (D:1)
  4 frilled lizards
  A giant cockroach zombie (D:5)
  A leopard gecko skeleton (D:4)
  5 rats
61 creatures vanquished.

Vanquished Creatures (others)
  2 plants (D:3)
  4 toadstools (D:5)
6 creatures vanquished.

Grand Total: 67 creatures vanquished

Notes
Turn   | Place    | Note
-------+----------+-------------------------------------------
     0 | D:1      | HanlonsRazors the Kobold Hunter began the quest for the
                  | Orb.
     0 | D:1      | Reached XP level 1. HP: 12/12 MP: 1/1
   115 | D:1      | Reached XP level 2. HP: 18/18 MP: 2/2
   136 | D:1      | Reached skill level 5 in Crossbows
   799 | D:1      | Reached XP level 3. HP: 22/22 MP: 3/3
  1453 | D:2      | Found a snail-covered altar of Cheibriados.
  1461 | D:2      | Reached XP level 4. HP: 27/27 MP: 4/4
  1600 | D:2      | Found a shadowy altar of Dithmenos.
  1940 | D:3      | Found a hazy altar of Hepliaklqana.
  1942 | D:3      | Found a stormy altar of Qazlal.
  2130 | D:3      | Reached skill level 1 in Armour
  2180 | D:3      | Noticed Robin
  2193 | D:4      | Noticed Duvessa
  2193 | D:4      | Noticed Dowan
  2199 | D:5      | Entered Level 5 of the Dungeon
  2513 | D:5      | Noticed Edmund
  2914 | D:4      | Killed Duvessa
  2914 | D:4      | Reached XP level 5. HP: 21/33 MP: 5/5
  2914 | D:4      | Reached XP level 6. HP: 24/38 MP: 6/6
  2928 | D:4      | Killed Dowan
  3271 | D:4      | Reached skill level 6 in Crossbows
  3515 | D:5      | Noticed a slave
  3515 | D:5      | Noticed a slave
  3515 | D:5      | Noticed a slave
  3652 | D:5      | Noticed Pikel
  3653 | D:5      | Noticed a slave
  3666 | D:5      | Killed a slave
  3669 | D:5      | Engulfed by Pikel's flame

Illustrated notes

Levels and vault maps discovered:
D:1:      dpeg_arrival_chambers_temple_mockup, layout_loops_ring,
          supply_closet_lemuel
D:2:      layout_rooms, kennysheep_slug_shrine, nicolae_overflow_hidden_temple,
          corexii_leaking_fountain
D:3:      layout_rooms, chequers_temple_overflow_statue_of_worship, zin_academy,
          hangedman_decor_peaks_small, minmay_lizard_king, uniq_robin
D:4:      layout_layer_cave, uniq_duvessa
D:5:      layout_basic, grunt_temple_overflow_magic_moments,
          ebering_ghost_reflecting_pool, first_ration, minmay_gold_behind_fungi,
          uniq_pikel, uniq_edmund

Skill      XL: |  1  2  3  4  5  6 |
---------------+-------------------+-----
Crossbows      | 5 6 |  6.1
Stealth        | 2 3 |  3.3
Fighting       | 3 4 |  4.4
Armour         | 1 2 |  2.5
Dodging        | |  2.9

Action                   |  1- 3 |  4- 6 || total
-------------------------+-------+-------++-------
Melee: Short sword       |    79 |       ||    79
       Dagger            |    13 |   175 ||   188
 Fire: Hand crossbow     |     8 |     9 ||    17
Throw: Throwing net      |       |     2 ||     2
  Use: Scroll            |       |     4 ||     4
       Potion            |       |     1 ||     1
  Eat: Chunk             |    10 |     7 ||    17
Armor: Leather armour    |    19 |       ||    19
       Ring mail         |     8 |    49 ||    57
Dodge: Dodged            |    92 |   110 ||   202
